 Dungeon Crawl Stone Soup version 0.25-a0-860-gf695395b5c (webtiles) character file.

Game seed: 11975643946449492806, levelgen mode: deterministic

11 Esekla the Charmwright (level 2, 0/16 HPs)
             Began as a Deep Elf Skald on Apr 29, 2020.
             Slain by Natasha (1 damage)
             ... on level 2 of the Dungeon.
             The game lasted 00:02:14 (112 turns).

Esekla the Charmwright (Deep Elf Skald)              Turns: 112, Time: 00:02:14

Health: 0/16       AC:  3    Str:  8    XL:     2   Next: 17%
Magic:  8/8        EV: 12    Int: 17    God:
Gold:   10         SH:  0    Dex: 14    Spells: 7/8 levels left

rFire    . . .     SeeInvis .   a - +0 falchion
rCold    . . .     Gourm    .   (no shield)
rNeg     . . .     Faith    .   b - +0 leather armour
rPois    .         Spirit   .   (no helmet)
rElec    .         Reflect  .   (no cloak)
rCorr    .         Harm     .   (no gloves)
MR       .....                  (no boots)
Stlth    +.........             (no amulet)
HPRegen  0.05/turn              (no ring)
MPRegen  0.11/turn              (no ring)

@: slowed, very slow
A: no striking features
a: no special abilities


You were on level 2 of the Dungeon.
You were not hungry.

You visited 1 branch of the dungeon, and saw 2 of its levels.

You collected 10 gold pieces.

Inventory:

Hand Weapons
 a - a +0 falchion (weapon)
Armour
 b - a +0 leather armour (worn)
Potions
 c - a potion of mutation {unknown}
Comestibles
 d - 2 rations


   Skills:
 - Level 1.5 Fighting
 + Level 2.0 Long Blades
 - Level 0.7 Armour
 * Level 2.8 Dodging
 * Level 3.5 Spellcasting
 - Level 4.4 Charms


You had 7 spell levels left.
You knew the following spells:

 Your Spells              Type           Power        Failure   Level  Hunger
a - Infusion              Chrm           ###.         3%          1    None

Your spell library contained the following spells:

 Spells                   Type           Power        Failure   Level  Hunger
 Song of Slaying          Chrm           ###.....     6%          2    ##.....
 Shroud of Golubria       Chrm/Tloc      ##....       14%         2    ##.....
 Ozocubu's Armour         Chrm/Ice       ##......     28%         3    ###....
 Spectral Weapon          Hex/Chrm       ##......     28%         3    ###....


Dungeon Overview and Level Annotations

Branches:
Dungeon (1/15)

Altars:

Annotations:
D:2 Natasha


Message History

Natasha hisses angrily.
There is a stone staircase leading up here.
You closely miss Natasha. Natasha claws you but does no damage.
You closely miss Natasha. Natasha barely misses you.
Natasha casts a spell at you.
You feel yourself slow down.
You barely miss Natasha. Natasha claws you but does no damage.
You closely miss Natasha. Natasha misses you. Natasha casts a spell at you.
You resist with significant effort.
You hit Natasha.
Natasha is lightly wounded.
Natasha claws you!
Ouch! That really hurt!
* * * LOW HITPOINT WARNING * * *
Natasha completely misses you.
You closely miss Natasha.
Natasha is lightly wounded.
Natasha claws you.
You die...

#.. #.# #.# ## #.#
.. ##+###.# .#
##...##.# .#
##.....#.###h###.#
##...(......@.....#
#.....†...###......#
+.........+ .......
#.........# ....!..
##.......## ##.#.#.
##.....## ## ..
##...## . ##+##


You could see Natasha.

Vanquished Creatures
  A gnoll (D:1)
  A ball python (D:2)
  A rat (D:1)
3 creatures vanquished.

Notes
Turn   | Place    | Note
-------+----------+-------------------------------------------
     0 | D:1      | Esekla the Deep Elf Skald began the quest for the Orb.
     0 | D:1      | Reached XP level 1. HP: 12/12 MP: 6/6
    71 | D:1      | Reached XP level 2. HP: 7/16 MP: 6/8
    96 | D:1      | You fall into a shaft and drop 1 floor!
   106 | D:2      | Noticed Natasha
   112 | D:2      | Slain by Natasha

Levels and vault maps discovered:
D:1:      ncdulo_wetmaze, layout_basic, serial_forest,
          infiniplex_forest_diagonal, infiniplex_forest_zigzag_1,
          infiniplex_forest_lined_ring, infiniplex_forest_end_double,
          infiniplex_forest_split, infiniplex_forest_lined_corner,
          infiniplex_forest_lined_room_2, infiniplex_forest_clump_curved,
          minmay_cut_off
D:2:      layout_loops_corners, vehumet_crystals, first_ration,
          nrook_mini_backslash, nemelex_xobeh_ov_fountains_minmay, uniq_natasha,
          uniq_jessica

Skill      XL: |  1  2 |
---------------+-------+-----
Long Blades    | 2 |  2.0
Fighting       | |  1.5
Armour         | |  0.7
Dodging        | |  2.8
Spellcasting   | |  3.5
Charms         | |  4.4

Action                   || total
-------------------------++-------
Melee: Falchion          ||    13
Armor: Leather armour    ||     2
Dodge: Dodged            ||     5
       Rpst.: Falchion   ||     1

Table legend:
 A = Non-vault XP
 B = Vault XP
 C = Vault XP percentage of total XP
 D = Non-vault monster count
 E = Vault monster count
 F = Vault count percentage of total count
                 A         B        C        D         E       F
            +---------+---------+-------+---------+---------+-------
      Total |       2 |      15 |  88.2 |       1 |       2 |  66.7
            +---------+---------+-------+---------+---------+-------
        D:1 |       0 |      15 | 100.0 |       0 |       2 | 100.0
        D:2 |       2 |       0 |   0.0 |       1 |       0 |   0.0
            +---------+---------+-------+---------+---------+-------
